 Dungeon Crawl Stone Soup version 0.28-a0-938-gbc3f381ebc (webtiles) character file.

Game seed: 9858679775282325781

261 Decritt the Chopper (level 5, -4/47 HPs)
             Began as a Minotaur Fighter on Nov 28, 2021.
             Slain by a sky beast (6 damage)
             ... on level 4 of the Dungeon.
             The game lasted 00:05:44 (3275 turns).

Decritt the Chopper (Minotaur Fighter)              Turns: 3275, Time: 00:05:44

Health: -4/47      AC: 12    Str: 28    XL:     5   Next: 96%
Magic:  4/4        EV: 10    Int:  5    God:
Gold:   118        SH:  4    Dex:  9    Spells: 4/4 levels left

rFire   . . .      SeeInvis .   a - +0 war axe
rCold   . . .      Faith    .   c - +0 buckler
rNeg    . . .      Spirit   .   f - +3 scale mail
rPois   .          Reflect  .   (helmet restricted)
rElec   .          Harm     .   h - +0 cloak
rCorr   .          Rampage  .   r - +0 pair of gloves
Will    .....                   (no boots)
Stlth   ..........              (no amulet)
HPRegen 0.15/turn               k - +6 ring of strength
MPRegen 0.09/turn               i - ring of flight

@: flying
A: horns 2, retaliatory headbutt
a: no special abilities


You were on level 4 of the Dungeon.
You visited 1 branch of the dungeon, and saw 4 of its levels.

You collected 118 gold pieces.

Inventory:

Hand Weapons
 a - a +0 war axe (weapon)
Missiles
 p - 7 poisoned darts (quivered)
Armour
 c - a +0 buckler (worn)
 f - a +3 scale mail (worn)
 h - a +0 cloak (worn)
 r - a +0 pair of gloves (worn)
Jewellery
 i - a ring of flight (right hand)
 k - a +6 ring of strength (left hand)
Wands
 b - a wand of iceblast (8)
Scrolls
 g - 2 scrolls of noise {unknown}
 o - a scroll of identify {unknown}
 q - a scroll of teleportation {unknown}
Potions
 d - 2 potions of might
 e - a potion of curing {unknown}
 j - 2 potions of heal wounds {unknown}
 l - a potion of haste {unknown}
 m - a potion of attraction {unknown}
 n - a potion of brilliance {unknown}
 s - a potion of magic {unknown}


   Skills:
 + Level 4.7 Fighting
 * Level 4.9 Axes
 + Level 4.5 Armour
 + Level 2.3 Dodging
 + Level 4.6 Shields


You had 4 spell levels left.
You didn't know any spells.
Your spell library was empty.

Dungeon Overview and Level Annotations

Branches:
Dungeon (4/15)
 Temple: D:4-7

Altars:
Fedhas

Shops:
D:2 :=*   D:3 *


Innate Abilities, Weirdness & Mutations

You have a pair of horns on your head.
You reflexively headbutt those who attack you in melee.


Message History

Something hits you but does no damage.
You closely miss something. You headbutt something.
A sky beast appears from thin air!
Reactivating autopickup.
The sky beast hits you but does no damage.
You closely miss the sky beast.
The sky beast is lightly wounded.
The sky beast hits you but does no damage.
The sky beast hits you.
* * * LOW HITPOINT WARNING * * *
The sky beast shocks you.
* * * LOW HITPOINT WARNING * * *
You hit the sky beast. Your headbutt misses the sky beast.
The sky beast is moderately wounded.
The sky beast hits you but does no damage.
You slash the sky beast! Your headbutt misses the sky beast.
The sky beast is heavily wounded.
The sky beast hits you but does no damage.
You slash the sky beast!
The sky beast is almost dead.
The sky beast hits you.
* * * LOW HITPOINT WARNING * * *
The sky beast shocks you.
* * * LOW HITPOINT WARNING * * *
You block the sky beast's attack.
You closely miss the sky beast.
The sky beast is almost dead.
The sky beast hits you but does no damage.
You closely miss the sky beast.
The sky beast is almost dead.
The sky beast hits you.
* * * LOW HITPOINT WARNING * * *
The sky beast shocks you.
* * * LOW HITPOINT WARNING * * *
You closely miss the sky beast. Your headbutt misses the sky beast.
The sky beast is severely wounded.
The sky beast hits you.
* * * LOW HITPOINT WARNING * * *
The sky beast shocks you.
You die...

#.###........
...#....... .. #
......... ... #.
....... ....
#..#.....##..#
.#........#..##.
................
##..##.≈.......
#(.(..Y@.......
....##..........
(. #..........
#...#.#....
#...#....##
...........
...... #..##
...#...# #.#


You could see a sky beast.

Vanquished Creatures
  A jelly (D:3)
  A hound (D:3)
  Jessica (D:3)
  Ijyb (D:3)
  Natasha (thrice) (D:2)
  3 adders
  A dart slug (D:1)
  10 ball pythons
  5 endoplasms
  2 giant cockroaches
  7 hobgoblins
  3 quokkas
  5 bats
  4 frilled lizards
  3 goblins
  2 kobolds
  3 rats (D:1)
55 creatures vanquished.

Notes
Turn   | Place    | Note
-------+----------+-------------------------------------------
     0 | D:1      | Decritt the Minotaur Fighter began the quest for the Orb.
     0 | D:1      | Reached XP level 1. HP: 19/19 MP: 0/0
   530 | D:1      | Reached XP level 2. HP: 27/27 MP: 1/1
  1255 | D:1      | Reached XP level 3. HP: 33/33 MP: 2/2
  1498 | D:2      | Reached skill level 1 in Dodging
  1570 | D:2      | Noticed Natasha
  1576 | D:2      | Killed Natasha
  1590 | D:2      | Found Ytasoveq's Book Emporium.
  1605 | D:2      | Noticed Natasha
  1616 | D:2      | Killed Natasha
  1617 | D:2      | Reached XP level 4. HP: 22/40 MP: 3/3
  1799 | D:2      | Found Zedu's Assorted Antiques.
  1824 | D:2      | Found Huosaats's Jewellery Shoppe.
  1896 | D:2      | Found a faded altar of an unknown god.
  1950 | D:2      | Noticed Natasha
  1958 | D:2      | Killed Natasha
  2526 | D:3      | Reached XP level 5. HP: 45/47 MP: 4/4
  2619 | D:3      | Found Lurief's Assorted Antiques.
  2829 | D:3      | Noticed Jessica
  2833 | D:3      | Killed Jessica
  2891 | D:3      | Found a blossoming altar of Fedhas.
  3069 | D:3      | Noticed Ijyb
  3074 | D:3      | Killed Ijyb
  3255 | D:4      | Noticed a sky beast
  3275 | D:4      | HP: 2/47 [sky beast (1)]
  3275 | D:4      | Slain by a sky beast

Illustrated notes

Levels and vault maps discovered:
D:1:      dpeg_arrival_simpleton_b, layout_loops_corners,
          minmay_misc_feat_encased, minmay_distorted
D:2:      layout_basic, nicolae_ecumenical_pavilion, serial_shops, shop,
          nicolae_square_shop, shop, uniq_natasha
D:3:      layout_loops_ring, fedhas_altar_1, serial_shops, shop, uniq_ijyb,
          uniq_jessica
D:4:      layout_cave_pools, serial_shops, nicolae_shop_trees, minmay_quantized,
          uniq_blork_the_orc, uniq_sigmund, uniq_robin

Skill      XL: |  1  2  3  4  5 |
---------------+----------------+-----
Axes           | 3 4 |  4.9
Fighting       | 4 |  4.7
Dodging        | 1 2 |  2.3
Armour         | 4 |  4.5
Shields        | 4 |  4.6

Action                   |  1- 3 |  4- 6 || total
-------------------------+-------+-------++-------
Melee: War axe           |    75 |    66 ||   141
       Headbutt          |    12 |     6 ||    18
Throw: Dart              |       |    25 ||    25
Armor: Scale mail        |    32 |    37 ||    69
Dodge: Dodged            |    28 |    26 ||    54
Block: Buckler           |    18 |    18 ||    36

Table legend: (Time is in decaauts)
 A = Elapsed time spent in this place.
 B = Non-inter-level travel time spent in this place.
 C = Inter-level travel time spent in this place.
 D = Time resting spent in this place.
 E = Time spent auto-exploring this place.
 F = Levels seen in this place.
 G = Mean time per level.
                   A        B        C        D        E       F      G
               +--------+--------+--------+--------+--------+-----+--------+
         Total |   3333 |   3250 |     83 |    185 |   2605 |   4 |  833.2 |
       Dungeon |   3333 |   3250 |     83 |    185 |   2605 |   4 |  833.2 |
               +--------+--------+--------+--------+--------+-----+--------+

Top non-repeatable levels by time:
     D:1: 1392 daAuts
     D:2: 1167 daAuts
     D:3: 749 daAuts
     D:4: 24 daAuts
